 Dungeon Crawl Stone Soup version 0.24-a0-784-g601f8f6d22 (webtiles) character file.

Game seed: 7619278173564844385, levelgen mode: deterministic

588 Froggeryz the Slicer (level 7, 0/44 HPs)
             Began as a Kobold Chaos Knight on Oct 9, 2019.
             Was a Plaything of Xom.
             Slain by a centaur (8 damage)
             ... on level 5 of the Dungeon.
             The game lasted 00:08:28 (4458 turns).

Froggeryz the Slicer (Kobold Chaos Knight)          Turns: 4458, Time: 00:08:29

Health: 0/44       AC:  5    Str: 12    XL:     7   Next: 65%
Magic:  7/7        EV: 15    Int: 14    God:    Xom [...*..]
Gold:   210        SH:  0    Dex: 19    Spells: 6/6 levels left

rFire    + . .     SeeInvis .   t - -2 spear (curse)
rCold    . . .     Gourm    .   (shield restricted)
rNeg     . . .     Faith    .   b - +2 leather armour
rPois    .         Spirit   .   q - +0 helmet
rElec    .         Reflect  .   (no cloak)
rCorr    .         Harm     .   u - +0 pair of gloves (curse)
MR       .....                  (no boots)
Stlth    +++.......             s - amulet of the acrobat
HPRegen  0.14/turn              i - +4 ring of dexterity
MPRegen  0.10/turn              l - ring of protection from fire

@: flying
A: small, carnivore, deformed body, strong 1
a: Renounce Religion


You were on level 5 of the Dungeon.
You worshipped Xom.
You were a favourite toy of Xom.
You were very full.

You visited 1 branch of the dungeon, and saw 5 of its levels.

You collected 210 gold pieces.

Inventory:

Hand Weapons
 a - a +0 short sword of chaos
 t - a cursed -2 spear (weapon)
Missiles
 k - 5 curare-tipped darts (quivered)
 p - 37 poisoned darts
Armour
 b - a +2 leather armour (worn)
 q - a +0 helmet (worn)
 u - a cursed +0 pair of gloves (worn)
Jewellery
 i - a +4 ring of dexterity (left hand)
 l - a ring of protection from fire (right hand)
 n - an uncursed ring of positive energy
 s - an amulet of the acrobat (around neck)
Wands
 o - a wand of random effects (17)
 r - a wand of digging (4)
Scrolls
 d - 2 scrolls of teleportation
 e - a scroll of immolation
 g - 7 scrolls of identify
 h - a scroll of fog
Potions
 f - a potion of flight
 j - a potion of curing {unknown}
Comestibles
 c - 13 rations


   Skills:
 - Level 5.1 Fighting
 + Level 8.3 Short Blades
 - Level 0.7 Armour
 - Level 2.4 Dodging
 * Level 5.4 Stealth


You had 6 spell levels left.
You didn't know any spells.
Your spell library was empty.

Dungeon Overview and Level Annotations

Branches:
Dungeon (5/15)             Temple (0/1) D:5

Altars:
Sif Muna
Uskayaw

Shops:
D:5 *


Innate Abilities, Weirdness & Mutations

You are small and have problems with some larger weapons.
You are carnivorous and can eat meat at any time.
Armour fits poorly on your strangely shaped body.
Your muscles are strong. (Str +2)


Message History

* * * LOW HITPOINT WARNING * * *
The crimson imp blinks!
You hit the centaur.
The centaur is severely wounded.
The centaur misses you. The centaur barely misses you.
You closely miss the centaur.
The centaur is severely wounded.
The centaur barely misses you.
You closely miss the centaur.
The centaur is severely wounded.
The centaur barely misses you.
The crimson imp blinks!
The centaur completely misses you.
You closely miss the centaur.
The centaur is severely wounded.
The centaur hits you but does no damage.
You barely miss the centaur.
The centaur is severely wounded.
The centaur hits you!
You die...
Xom guffaws!

.........#
**,,,,,,,,**
........##
*,,,...#.#
...>..###
****.....#
##..### *#.....#
###.## *.....#*
##.## *....#*
##.##### *5..#*
##....######c.#*
##.....รท...@.#*
#..#########..#*
##..# *##.#*
#..## **.#**
##.## **..* #..#
**.# ##.## **#
#<.# ##..##


You could see a centaur and a crimson imp.

Vanquished Creatures
  A wolf (D:3)
  A bullfrog (D:3)
  A hound (D:5)
  4 orc priests
  3 orc wizards
  4 worker ants
  3 adders
  2 worms (D:3)
  4 dart slugs
  12 orcs
  4 bats
  4 giant cockroaches
  5 goblins
  7 hobgoblins
  A quokka (D:3)
  4 ball pythons
  6 frilled lizards
  9 kobolds
  A quokka skeleton (D:5)
  4 rats
80 creatures vanquished.

Notes
Turn   | Place    | Note
-------+----------+-------------------------------------------
     0 | D:1      | Froggeryz the Kobold Chaos Knight began the quest for the
                  | Orb.
     0 | D:1      | Reached XP level 1. HP: 14/14 MP: 1/1
   155 | D:1      | Reached XP level 2. HP: 19/19 MP: 2/2
   215 | D:1      | XOM: smoke on damage
   374 | D:1      | Reached XP level 3. HP: 24/24 MP: 3/3
   389 | D:1      | Reached skill level 5 in Short Blades
   657 | D:2      | Found a hide-covered altar of Uskayaw.
   914 | D:2      | XOM: divination: detect items
   923 | D:2      | Reached XP level 4. HP: 8/29 MP: 4/4
   930 | D:2      | Reached skill level 6 in Short Blades
  1060 | D:2      | XOM: divination: magic mapping
  1764 | D:3      | Noticed a wolf
  1764 | D:3      | a hound changed into a wolf
  1766 | D:3      | XOM: harmless Tloc miscast
  1782 | D:3      | Killed a wolf
  1782 | D:3      | Reached XP level 5. HP: 18/34 MP: 5/5
  1783 | D:3      | Reached skill level 7 in Short Blades
  1790 | D:3      | XOM: mild Chrm miscast
  2020 | D:3      | XOM: divination: detect items
  2030 | D:3      | Reached XP level 6. HP: 27/40 MP: 6/6
  2046 | D:3      | Found a shimmering blue altar of Sif Muna.
  2711 | D:4      | Reached skill level 5 in Fighting
  2735 | D:4      | Gained mutation: Scrolls take you a little longer to read.
                  | [potion of mutation]
  2735 | D:4      | Gained mutation: You have a beak for a mouth. [potion of
                  | mutation]
  2993 | D:3      | Reached skill level 1 in Stealth
  3197 | D:4      | Lost mutation: Scrolls take you a little longer to read.
                  | [potion of mutation]
  3197 | D:4      | Lost mutation: You have a beak for a mouth. [potion of
                  | mutation]
  3197 | D:4      | Gained mutation: Armour fits poorly on your strangely
                  | shaped body. [potion of mutation]
  3197 | D:4      | Gained mutation: You have sharp toenails. [potion of
                  | mutation]
  3197 | D:4      | Lost mutation: You have sharp toenails. [potion of
                  | mutation]
  3197 | D:4      | Gained mutation: Your muscles are strong. (Str +2) [potion
                  | of mutation]
  3264 | D:4      | XOM: confuse monster(s)
  3268 | D:4      | Reached XP level 7. HP: 28/44 MP: 7/7
  3268 | D:4      | XOM: cast spell 'Death Channel'
  3652 | D:3      | Reached skill level 8 in Short Blades
  3675 | D:3      | XOM: noise
  3822 | D:4      | Reached skill level 5 in Stealth
  4044 | D:4      | XOM: severe Ice miscast
  4206 | D:5      | Entered Level 5 of the Dungeon
  4260 | D:5      | Found Noxtoku's Mayhem Merchandise.
  4260 | D:5      | XOM: 4-stop teleportation journey
  4458 | D:5      | Slain by a centaur

Levels and vault maps discovered:
D:1:      tarquinn_simple_flora_water_d, layout_loops_ring,
          minmay_strange_pillars
D:2:      layout_basic, eat_drink_and_be_merry_uskayaw
D:3:      layout_basic, nicolae_overflow_crystal_walls, first_ration,
          dk_vineyard_2
D:4:      layout_basic
D:5:      layout_cave_pods, minmay_temple_entry_purple_smoke, minmay_shop_mayhem

Skill      XL: |  1  2  3  4  5  6  7 |
---------------+----------------------+-----
Short Blades   | 5 6 7 8 |  8.3
Fighting       | 4 5 |  5.1
Stealth        | 3 5 |  5.4
Armour         | |  0.7
Dodging        | |  2.4

Action                   |  1- 3 |  4- 6 |  7- 9 || total
-------------------------+-------+-------+-------++-------
Melee: Short sword       |   113 |   137 |    51 ||   301
       Peck              |       |     1 |       ||     1
       Spear             |       |       |    29 ||    29
Throw: Dart              |       |     4 |     1 ||     5
Evoke: Wand              |       |     1 |       ||     1
  Use: Potion            |     3 |     3 |     1 ||     7
       Scroll            |       |     2 |     4 ||     6
 Stab: Petrifying        |     1 |       |       ||     1
       Confused          |       |       |     1 ||     1
       Paralysed         |       |       |     1 ||     1
       Sleeping          |       |       |     1 ||     1
  Eat: Chunk             |     8 |     8 |     2 ||    18
Armor: Leather armour    |    19 |    28 |    14 ||    61
       Skin              |    11 |     8 |       ||    19
Dodge: Dodged            |    61 |    74 |    57 ||   192

Table legend:
 A = Non-vault XP
 B = Vault XP
 C = Vault XP percentage of total XP
 D = Non-vault monster count
 E = Vault monster count
 F = Vault count percentage of total count
                 A         B        C        D         E       F
            +---------+---------+-------+---------+---------+-------
      Total |     841 |       0 |   0.0 |      80 |       0 |   0.0
            +---------+---------+-------+---------+---------+-------
        D:1 |      37 |       0 |   0.0 |      21 |       0 |   0.0
        D:2 |      96 |       0 |   0.0 |      22 |       0 |   0.0
        D:3 |     364 |       0 |   0.0 |      21 |       0 |   0.0
        D:4 |     287 |       0 |   0.0 |      13 |       0 |   0.0
        D:5 |      57 |       0 |   0.0 |       3 |       0 |   0.0
            +---------+---------+-------+---------+---------+-------
